 Dungeon Crawl Stone Soup version 0.26-a0-649-gf8c6c3aab7 (webtiles) character file.

Game seed: 434093181584688369

196 djmy96 the Shield-Bearer (level 6, -11/48 HPs)
             Began as a Formicid Fighter on Sept 27, 2020.
             Killed from afar by an orc wizard (12 damage)
             ... with a puff of frost
             ... on level 4 of the Dungeon.
             The game lasted 00:04:29 (3712 turns).

djmy96 the Shield-Bearer (Formicid Fighter)         Turns: 3712, Time: 00:04:30

Health: -11/48     AC:  7    Str: 23    XL:     6   Next: 4%
Magic:  6/6        EV:  9    Int: 13    God:
Gold:   111        SH: 10    Dex: 10    Spells: 5/5 levels left

rFire    . . .     SeeInvis +   a - +0 long sword
rCold    . . .     Faith    .   c - +0 kite shield
rNeg     . . .     Spirit   .   b - +0 scale mail
rPois    .         Reflect  .   (helmet unavailable)
rElec    .         Harm     .   (no cloak)
rCorr    .         Rampage  .   (no gloves)
MR       .....                  (no boots)
Stlth    ..........             s - amulet of inaccuracy (curse)
HPRegen  0.16/turn              m - +6 ring of intelligence
MPRegen  0.10/turn              (no ring)

@: no status effects
A: permanent stasis, dig shafts and tunnels, four strong arms, antennae 3
a: Dig, Shaft Self


You were on level 4 of the Dungeon.
You visited 1 branch of the dungeon, and saw 4 of its levels.

You collected 111 gold pieces.

Inventory:

Hand Weapons
 a - a +0 long sword (weapon)
 w - a +3 dagger
Missiles
 i - 3 javelins (quivered)
 o - 13 poisoned darts
Armour
 b - a +0 scale mail (worn)
 c - a +0 kite shield (worn)
Jewellery
 m - a +6 ring of intelligence (left hand)
 s - a cursed amulet of inaccuracy (around neck)
Wands
 n - a wand of disintegration (21)
Scrolls
 f - 3 scrolls of magic mapping {unknown}
 h - 6 scrolls of identify {unknown}
 j - 2 scrolls of noise {unknown}
 l - a scroll of amnesia {unknown}
 p - a scroll of enchant armour {unknown}
 u - a scroll of fear {unknown}
 v - a scroll of fog {unknown}
Potions
 d - a potion of might
 e - 3 potions of lignification {unknown}
 g - 2 potions of curing {unknown}
 k - a potion of mutation {unknown}
 q - 4 potions of heal wounds {unknown}
 r - 2 potions of brilliance {unknown}
 t - a potion of haste {unknown}


   Skills:
 + Level 3.7 Fighting
 + Level 3.4 Long Blades
 + Level 4.5 Armour
 + Level 1.0 Dodging
 + Level 5.0 Shields


You had 5 spell levels left.
You didn't know any spells.
Your spell library contained the following spells:

 Spells                   Type           Power        Failure   Level
 Animate Skeleton         Necr           #.....       87%         1
 Pain                     Necr           #...         87%         1
 Vampiric Draining        Necr           #.........   99%         3
 Animate Dead             Necr           #.........   100%        4
 Agony                    Necr           #.......     100%        5


Dungeon Overview and Level Annotations

Branches:
Dungeon (4/15)
 Temple: D:4-7

Altars:
Yredelemnul


Innate Abilities, Weirdness & Mutations

You cannot be hasted, slowed, berserked, paralysed or teleported.
You can dig through walls and to a lower floor.
Your four strong arms can wield two-handed weapons with a shield.
You have a pair of large antennae on your head. (SInv)


Message History

The orc wizard is moderately wounded.
The orc wizard barely misses you.
You riposte.
You closely miss the orc wizard.
The orc wizard is moderately wounded.
The orc wizard looks encouraged for a moment.
You hit the orc wizard.
The orc wizard is heavily wounded.
The orc wizard begins to cast a cantrip, but forgets the words!
The orc wizard hits you but does no damage.
You hit the orc wizard.
The orc wizard is almost dead.
The orc wizard casts a spell at you. The magic dart hits you.
* * * LOW HITPOINT WARNING * * *
You miss the orc wizard.
The orc wizard is almost dead.
The orc wizard hits you with a +1 dagger of protection.
* * * LOW HITPOINT WARNING * * *
The orc wizard casts a spell at you. The puff of frost hits you!
You die...

.# .o. .#{ .#...o
.. #.#....
.##.####.......
.............#
#.......>..# .#
#.# ######.###
##.#####.........
#..o@..+....(..#.
#..#####.........
#..#.###.......#
#..#...........#
#..#.###.......#
####.####......#
{ #........#..#
#######.#.#..# {
..........# .#


You could see an orc wizard (fast).

Vanquished Creatures
  An orc priest (D:4)
  An orc wizard (D:4)
  5 adders
  An ooze (D:2)
  An adder skeleton (D:4)
  A worm (D:2)
  2 dart slugs
  4 leopard geckos
  6 orcs
  10 bats
  7 giant cockroaches
  5 goblins
  8 hobgoblins
  3 jackals (D:1)
  5 kobolds
  A quokka (D:2)
  4 ball pythons
  4 frilled lizards (D:1)
  6 rats
75 creatures vanquished.

Notes
Turn   | Place    | Note
-------+----------+-------------------------------------------
     0 | D:1      | djmy96 the Formicid Fighter began the quest for the Orb.
     0 | D:1      | Reached XP level 1. HP: 18/18 MP: 1/1
   133 | D:1      | Reached XP level 2. HP: 16/24 MP: 2/2
   487 | D:1      | Reached skill level 4 in Shields
   487 | D:1      | Reached XP level 3. HP: 29/29 MP: 3/3
  1228 | D:2      | Reached XP level 4. HP: 26/35 MP: 4/4
  1853 | D:2      | Found a basalt altar of Yredelemnul.
  2452 | D:3      | Reached XP level 5. HP: 23/41 MP: 5/5
  3588 | D:4      | HP: 1/42 [orc priest/nerve-wracking pain (12)]
  3595 | D:4      | Reached skill level 1 in Dodging
  3595 | D:4      | Reached skill level 5 in Shields
  3595 | D:4      | Reached XP level 6. HP: 3/48 MP: 6/6
  3712 | D:4      | HP: 1/48 [orc wizard/+1 dagger of protection (2)]
  3712 | D:4      | Killed from afar by an orc wizard

Illustrated notes

Levels and vault maps discovered:
D:1:      minmay_arrival_up_and_down, layout_loops_ring
D:2:      layout_basic, lemuel_doored_altar
D:3:      layout_loops_ring, grunt_decor_cap
D:4:      old_forge, layout_basic, old_standard_altar, yredelemnul_altar_generic

Skill      XL: |  1  2  3  4  5 |
---------------+----------------+-----
Shields        | 4 5 |  5.0
Armour         | 4 |  4.5
Long Blades    | 3 |  3.4
Dodging        | 1 |  1.0
Fighting       | |  3.7

Action                   |  1- 3 |  4- 6 || total
-------------------------+-------+-------++-------
Melee: Long sword        |   112 |   183 ||   295
  Use: Potion            |       |     1 ||     1
Armor: Scale mail        |    45 |    82 ||   127
Dodge: Dodged            |    42 |    47 ||    89
Block: Kite shield       |    58 |   121 ||   179
       Rpst.: Long sword |    15 |    15 ||    30

Table legend: (Time is in decaauts)
 A = Elapsed time spent in this place.
 B = Non-inter-level travel time spent in this place.
 C = Inter-level travel time spent in this place.
 D = Time resting spent in this place.
 E = Time spent auto-exploring this place.
 F = Levels seen in this place.
 G = Mean time per level.
                   A        B        C        D        E       F      G
               +--------+--------+--------+--------+--------+-----+--------+
         Total |   3810 |   3699 |    111 |    101 |   2949 |   4 |  952.5 |
       Dungeon |   3810 |   3699 |    111 |    101 |   2949 |   4 |  952.5 |
               +--------+--------+--------+--------+--------+-----+--------+

Top non-repeatable levels by time:
     D:2: 1675 daAuts
     D:1: 966 daAuts
     D:3: 962 daAuts
     D:4: 205 daAuts
